 Dungeon Crawl Stone Soup version 0.30-a0-528-g8c47a4955b (webtiles) character file.

Game seed: 5730649639509841164

553 Shayle the Trooper (level 7, -2/52 (55) HPs)
             Began as a Demonspawn Reaver on Dec 21, 2022.
             Was an Initiate of Ashenzari.
             Slain by a wight
             ... wielding a +3 falchion
              (8 damage)
             ... on level 6 of the Dungeon on Dec 23, 2022.
             The game lasted 00:18:27 (4726 turns).

Shayle the Trooper (Demonspawn Reaver)              Turns: 4726, Time: 00:18:29

HP:   -2/52 (55)    AC:  9    Str: 13    XL:     7   Next: 8%
MP:   10/10         EV: 12    Int: 20    God:    Ashenzari [......]
Gold: 60            SH:  0    Dex: 11    Spells: 4/10 levels left

rFire   + . .      SeeInvis .    o - +3 flail (freeze)
rCold   + . .      Faith    .    (no shield)
rNeg    + + .      Spirit   .    t - +5 leather armour "Omyedihi" {rC+ rN+ Int+4}
rPois   .          Reflect  .    n - +0 helmet
rElec   .          Harm     .    (no cloak)
rCorr   .          Rampage  .    (no gloves)
Will    .....                    (no boots)
Stlth   ++                       (no amulet)
HPRegen 0.28/turn                g - ring of protection from fire
MPRegen 0.12/turn                v - ring of positive energy

@: drained
A: ignite blood 1, powered by death 2, sturdy frame 1, weakness stinger 1
a: Renounce Religion, Curse Item


You were on level 6 of the Dungeon.
You worshipped Ashenzari.
Ashenzari was noncommittal.
You visited 2 branches of the dungeon, and saw 7 of its levels.

You collected 288 gold pieces.
You spent 228 gold pieces at shops.

Inventory:

Hand Weapons
 b - a +0 vorpal short sword
 m - a +1 dagger of protection
 o - a +3 flail of freezing (weapon)
Armour
 a - a +1 leather armour
 n - a +0 helmet (worn)
 t - the +5 leather armour "Omyedihi" (worn) {rC+ rN+ Int+4}
   (You found it on level 4 of the Dungeon)

   Int:       It affects your intelligence (+4).
   rC:        It protects you from cold.
   rN:        It protects you from negative energy.
Jewellery
 g - a ring of protection from fire (left hand)
 k - a ring of protection from fire
 v - a ring of positive energy (right hand)
Wands
 h - a wand of flame (21)
Scrolls
 i - a scroll of magic mapping
 l - 2 scrolls of poison
 q - 2 scrolls of immolation
 s - 2 scrolls of enchant weapon
Potions
 c - 2 potions of ambrosia
 d - 3 potions of might {unknown}
 e - a potion of curing
 f - 2 potions of haste
 j - 4 potions of mutation
 r - a potion of brilliance {unknown}


   Skills:
 + Level 4.6 Fighting
 + Level 3.5 Armour
 - Level 1.7 Dodging
 + Level 4.0 Stealth
 - Level 2.6 Unarmed Combat
 - Level 2.0 Spellcasting
 - Level 3.0 Conjurations
 + Level 1.2 Ice Magic


You had 4 spell levels left.
You knew the following spells:

 Your Spells              Type           Power      Damage    Failure   Level
a - Kiss of Death         Conj/Necr      32%        2d7       9%          1
b - Ensorcelled Hibernat  Hex/Ice        8%         N/A       19%         2
c - Hailstorm             Conj/Ice       10%        3d5       21%         3

Your spell library contained the following spells:

 Spells                   Type           Power      Damage    Failure   Level
 Momentum Strike          Conj/Tloc      16%        3d8       13%         2
 Cigotuvi's Dreadful Rot  Necr/Pois/Air  4%         N/A       24%         2
 Passwall                 Tmut/Erth      1%         N/A       24%         2
 Poisonous Vapours        Pois/Air       4%         N/A       24%         2
 Mephitic Cloud           Conj/Pois/Air  6%         N/A       32%         3
 Swiftness                Air            2%         N/A       43%         3


Dungeon Overview and Level Annotations

Branches:
Dungeon (6/15)             Temple (1/1) D:4

Altars:
Ashenzari
Cheibriados
Dithmenos
Kikubaaqudgha
Nemelex Xobeh
Sif Muna
Yredelemnul

Shops:
D:5 !

Annotations:
D:4 Dowan, Duvessa
D:5 Pikel, Prince Ribbit


Innate Abilities, Weirdness & Mutations

Your demonic aura sometimes causes spilled blood to erupt in flames.
You regenerate health from kills.
Your movements are slightly less encumbered by armour. (ER -2)
You have a small tail.


Message History

The wave of death grows in power.
You start resting.
A shadow imp is nearby!
Things that are here:
a +5 mace; a +0 robe
Things that are here:
a +3 flail of freezing; a +0 robe
o - a +3 flail of freezing Unknown command.
A wight comes into view. It is wielding a +3 falchion.
Your +1 dagger of protection goes still.
Your +3 flail of freezing glows with a cold blue light!
o - a +3 flail of freezing (weapon)
You thump the wight!
The wight is heavily damaged.
The wight completely misses you.
You hit the wight.
The wight is severely damaged.
The wight hits you with a +3 falchion.
* * * LOW HITPOINT WARNING * * *
The wight barely misses you.
You barely miss the wight.
The wight is severely damaged.
The wight hits you with a +3 falchion.
* * * LOW HITPOINT WARNING * * *
You partially resist.
You feel drained.
You feel better. The wight closely misses you.
You barely miss the wight.
You tail-slap the wight, but do no damage.
The wight is severely damaged.
The wight hits you but does no damage. The wight closely misses you.
You completely miss the wight.
The wight is severely damaged.
The wight barely misses you.
You closely miss the wight. You tail-slap the wight.
The wight is almost destroyed.
The wight hits you with a +3 falchion!
* * * LOW HITPOINT WARNING * * *
The wight attacks as you move away! The wight hits you with a +3 falchion!
You die...

. ..#.# #.....
#.#.#.###.....
#.#5#..##.(...
#.>.).........
.######.##.##.....
.........#.##.....
#######..#.##.....
########..#.##.....
#.@...[)..#.##.....
#z#######.#.##.....
... #.#.##.....
#.#. ..# #.....
#.## ### #..... .
###### . ..


You could see a wight.

Vanquished Creatures
  A centaur (D:6)
  2 lemures
  2 scorpions
  2 wights (D:6)
  Ijyb (D:5)
  Robin (D:3)
  3 gnolls
  8 adders
  A white imp (D:5)
  A worm (D:2)
  2 dart slugs (D:4)
  6 bats
  6 endoplasms
  6 giant cockroaches
  16 goblins
  6 hobgoblins
  15 jackals
  3 quokkas
  2 training dummies (D:4)
  6 ball pythons
  3 frilled lizards
  8 kobolds
  13 rats
114 creatures vanquished.

Notes
Turn   | Place    | Note
-------+----------+-------------------------------------------
     0 | D:1      | Shayle the Demonspawn Reaver began the quest for the Orb.
     0 | D:1      | Reached XP level 1. HP: 16/16 MP: 3/3
   111 | D:1      | Gained mutation: You regenerate a little health from kills.
                  | [demonic ancestry]
   111 | D:1      | Reached XP level 2. HP: 18/22 MP: 5/5
   149 | D:1      | Found a faded altar of an unknown god.
   194 | D:1      | Reached skill level 1 in Stealth
   223 | D:1      | Reached skill level 1 in Armour
   511 | D:1      | Gained mutation: You have a small tail. [demonic ancestry]
   511 | D:1      | Reached XP level 3. HP: 23/28 MP: 6/6
  1021 | D:2      | Found a shimmering blue altar of Sif Muna.
  1321 | D:3      | Noticed Robin
  1326 | D:3      | Killed Robin
  1327 | D:3      | Gained mutation: Your movements are slightly less
                  | encumbered by armour. (ER -2) [demonic ancestry]
  1327 | D:3      | Reached XP level 4. HP: 25/31 MP: 5/7
  2210 | D:3      | Found a broken altar of Ashenzari.
  2230 | D:3      | Became a worshipper of Ashenzari the Shackled
  2285 | D:3      | Reached XP level 5. HP: 41/41 MP: 8/8
  2488 | D:4      | Noticed Duvessa
  2583 | D:4      | Identified the +5 leather armour "Omyedihi" {rC+ rN+ Int+4}
  2615 | D:4      | Found a shadowy altar of Dithmenos.
  2808 | D:4      | Upgraded the game from 0.30-a0-476-g330ca2eb8e to
                  | 0.30-a0-528-g8c47a4955b
  2831 | D:4      | Learned a level 2 spell: Ensorcelled Hibernation
  2835 | D:4      | Learned a level 3 spell: Hailstorm
  2877 | D:4      | Found a staircase to the Ecumenical Temple.
  2885 | Temple   | Entered the Ecumenical Temple
  3062 | D:4      | Noticed Dowan
  3298 | D:5      | Entered Level 5 of the Dungeon
  3600 | D:5      | Found Pienna's Distillery.
  3607 | D:5      | Bought a potion of ambrosia for 96 gold pieces
  3607 | D:5      | Bought a potion of curing for 36 gold pieces
  3607 | D:5      | Bought a potion of ambrosia for 96 gold pieces
  3628 | D:5      | Gained mutation: Your demonic aura sometimes causes spilled
                  | blood to erupt in flames. [demonic ancestry]
  3628 | D:5      | Reached XP level 6. HP: 48/48 MP: 4/9
  4082 | D:5      | Noticed Ijyb
  4139 | D:5      | Killed Ijyb
  4298 | D:5      | Noticed Prince Ribbit
  4310 | D:5      | Found a sparkling altar of Nemelex Xobeh.
  4440 | D:5      | Noticed Pikel
  4696 | D:6      | Reached skill level 1 in Ice Magic
  4709 | D:6      | Gained mutation: You regenerate health from kills. [demonic
                  | ancestry]
  4709 | D:6      | Reached XP level 7. HP: 8/53 MP: 10/10
  4726 | D:6      | Slain by a wight

Illustrated notes

Levels and vault maps discovered:
D:1:      minmay_arrival_four_circles, layout_loops_ring,
          basic_ecumenical_altar, minmay_rat_gold_closets
D:2:      layout_basic, basic_altar
D:3:      layout_basic, ashenzari_conservatory_becter, uniq_robin
D:4:      dreamdust_elfheim, layout_layer_cave, grunt_dithmenos_smoke,
          minmay_temple_entry_mist, minmay_misc_feat_square
D:5:      layout_loops_ring, mainiacjoe_overflow_brackets, serial_shops,
          nicolae_shop_waterfront, uniq_ijyb, uniq_pikel, uniq_prince_ribbit1
D:6:      layout_basic, portal_sewer_entry_d, nicolae_lava_and_water,
          uniq_menkaure
Temple:   hellmonk_temple_of_storms

Skill      XL: |  1  2  3  4  5  6 |
---------------+-------------------+-----
Stealth        | 1 2 3 4 |  4.0
Armour         | 1 2 3 |  3.5
Fighting       | 3 4 |  4.6
Ice Magic      | 1 |  1.2
Dodging        | |  1.7
Unarmed Combat | |  2.6
Spellcasting   | |  2.0
Conjurations   | |  3.0

Action                   |  1- 3 |  4- 6 |  7- 9 || total
-------------------------+-------+-------+-------++-------
Melee: Unarmed           |    36 |       |       ||    36
       Short sword       |   158 |   195 |       ||   353
       Punch             |     3 |    10 |       ||    13
       Tailslap          |     7 |    62 |     2 ||    71
       Dagger            |       |   205 |       ||   205
       Flail             |       |       |     6 ||     6
 Cast: Kiss of Death     |     1 |       |       ||     1
       Ensorcelled Hiber |       |    28 |       ||    28
  Use: Scroll            |     4 |    13 |       ||    17
       Potion            |       |     4 |     1 ||     5
 Stab: Sleeping          |     4 |    13 |       ||    17
Armor: Leather armour    |    62 |   189 |     1 ||   252
Dodge: Dodged            |   121 |   246 |     5 ||   372

Table legend: (Time is in decaauts)
 A = Elapsed time spent in this place.
 B = Non-inter-level travel time spent in this place.
 C = Inter-level travel time spent in this place.
 D = Time resting spent in this place.
 E = Time spent auto-exploring this place.
 F = Levels seen in this place.
 G = Mean time per level.
                   A        B        C        D        E       F      G
               +--------+--------+--------+--------+--------+-----+--------+
         Total |   4731 |   4484 |    247 |    702 |   1713 |   7 |  675.9 |
       Dungeon |   4729 |   4482 |    247 |    702 |   1713 |   6 |  788.2 |
        Temple |      1 |      1 |      0 |      0 |      0 |   1 |    1.0 |
               +--------+--------+--------+--------+--------+-----+--------+

Top non-repeatable levels by time:
     D:4: 1101 daAuts
     D:1: 966 daAuts
     D:5: 933 daAuts
     D:3: 884 daAuts
     D:2: 771 daAuts
     D:6: 71 daAuts
  Temple: 1 daAuts
